GULF
PORT ARTHUR PIRATES @ DUNEDIN RANGERS
06/25/1982
 
TOP OF THE 1ST
Port Arthur Pirates batting - Pitching for Dunedin Rangers : LHP Scott Johnson
Pitching: LHP Scott Johnson
Batting: SHB Geoff Doggett 0-0: Swinging Strike
0-1: Ball
1-1: Foul Ball, location: 2F
1-2: Strikes out swinging
Batting: RHB Billy Ripken 0-0: Called Strike
0-1: Ball
1-1: Fly out, F8 (Line Drive, 8LM, EV 100.0 MPH)
Batting: RHB Steve Stanicek 0-0: Ball
1-0: Called Strike
1-1: Swinging Strike
1-2: Strikes out looking
Top of the 1st over - 0 runs, 0 hits, 0 errors, 0 left on base; Port Arthur 0 - Dunedin 0
BOTTOM OF THE 1ST
Dunedin Rangers batting - Pitching for Port Arthur Pirates : RHP Robert Ruffus
Pitching: RHP Robert Ruffus
Batting: LHB La Schelle Tarver 0-0: Called Strike
0-1: Swinging Strike
0-2: Strikes out swinging
Batting: SHB Bryan Little 0-0: Swinging Strike
0-1: Fly out, F7 (Flyball, 78M, EV 76.3 MPH)
Batting: LHB Curt Ford 0-0: Ball
1-0: Called Strike
1-1: Foul Ball, location: 2F
1-2: Ground out 6-3 (Groundball, 6M, EV 105.0 MPH)
Bottom of the 1st over - 0 runs, 0 hits, 0 errors, 0 left on base; Port Arthur 0 - Dunedin 0
TOP OF THE 2ND
Port Arthur Pirates batting - Pitching for Dunedin Rangers : LHP Scott Johnson
Batting: LHB Dan Aruca 0-0: Ball
1-0: Swinging Strike
1-1: Foul Ball, location: 2F
1-2: Ball
2-2: Fly out, F8 (Line Drive, 8LD, EV 85.6 MPH)
Batting: RHB Michael Cain 0-0: Foul Ball, location: 2F
0-1: Foul Ball, location: 2F
0-2: Fly out, F9 (Flyball, 89M, EV 90.6 MPH)
Batting: RHB Pedro LaTorre 0-0: Swinging Strike
0-1: SINGLE (Groundball, 4MD, EV 103.8 MPH)
Batting: LHB Chris Rehbaum 0-0: Called Strike
0-1: Foul Ball, location: 2F
0-2: Ball
1-2: Ball
2-2: Ball
3-2: Foul Ball, location: 2F
3-2: Ground out 5-3 (Groundball, 56, EV 103.8 MPH)
Top of the 2nd over - 0 runs, 1 hit, 0 errors, 1 left on base; Port Arthur 0 - Dunedin 0
BOTTOM OF THE 2ND
Dunedin Rangers batting - Pitching for Port Arthur Pirates : RHP Robert Ruffus
Batting: RHB Glenn Wilson 0-0: Fly out, F3 (Line Drive, 3, EV 63.8 MPH)
Batting: LHB Ty Van Burkleo 0-0: Ball
1-0: Foul Ball, location: 2F
1-1: Fly out, F2 (Popup, 2LF, EV 83.1 MPH)
Batting: RHB John Gibbons 0-0: Ball
1-0: Foul Ball, location: 2F
1-1: Reached via error on a dropped throw from SS, E3 (Groundball, 6, EV 83.1 MPH)
Batting: RHB Edgar Martinez 0-0: Ball
1-0: Called Strike
1-1: Fielders Choice at 2nd, 5-4 (Groundball, 56, EV 83.1 MPH)
Bottom of the 2nd over - 0 runs, 0 hits, 1 error, 1 left on base; Port Arthur 0 - Dunedin 0
TOP OF THE 3RD
Port Arthur Pirates batting - Pitching for Dunedin Rangers : LHP Scott Johnson
Batting: RHB Michael Kwiecinski 0-0: Swinging Strike
0-1: Swinging Strike
0-2: Strikes out swinging
Batting: RHB Keith Fisher 0-0: Ground out 6-3 (Groundball, 6, EV 107.5 MPH)
Batting: SHB Geoff Doggett 0-0: Ball
1-0: Ground out 1-3 (Groundball, 15, EV 72.5 MPH)
Top of the 3rd over - 0 runs, 0 hits, 0 errors, 0 left on base; Port Arthur 0 - Dunedin 0
BOTTOM OF THE 3RD
Dunedin Rangers batting - Pitching for Port Arthur Pirates : RHP Robert Ruffus
Batting: LHB Dwight Taylor 0-0: Ground out 4-3 (Groundball, 4, EV 83.1 MPH)
Batting: RHB Ron Gant 0-0: Foul Ball, location: 2F
0-1: Ball
1-1: Foul Ball, location: 2F
1-2: Ball
2-2: Strikes out swinging
Batting: LHB La Schelle Tarver 0-0: Ball
1-0: Fly out, F5 (Popup, 5DF, EV 58.8 MPH)
Bottom of the 3rd over - 0 runs, 0 hits, 0 errors, 0 left on base; Port Arthur 0 - Dunedin 0
TOP OF THE 4TH
Port Arthur Pirates batting - Pitching for Dunedin Rangers : LHP Scott Johnson
Batting: RHB Billy Ripken 0-0: Called Strike
0-1: Ball
1-1: Ball
2-1: Fly out, F9 (Flyball, 9LM, EV 105.6 MPH)
Batting: RHB Steve Stanicek 0-0: Ball
1-0: Ground out 6-3 (Groundball, 6M, EV 96.9 MPH)
Batting: LHB Dan Aruca 0-0: Ball
1-0: Ball
2-0: Swinging Strike
2-1: Fly out, F4 (Flyball, 34D, EV 90.0 MPH)
Top of the 4th over - 0 runs, 0 hits, 0 errors, 0 left on base; Port Arthur 0 - Dunedin 0
BOTTOM OF THE 4TH
Dunedin Rangers batting - Pitching for Port Arthur Pirates : RHP Robert Ruffus
Batting: SHB Bryan Little 0-0: Ball
1-0: SINGLE (Groundball, 4MS, EV 62.5 MPH) (infield hit)
Batting: LHB Curt Ford 0-0: Foul Ball, location: 2F
0-1: Hit by Pitch
Bryan Little to second
Batting: RHB Glenn Wilson 0-0: Foul Ball, location: 2F
0-1: Ball
1-1: Swinging Strike
1-2: Strikes out swinging
Batting: LHB Ty Van Burkleo 0-0: Ball
1-0: Fly out, F8 (Flyball, 78M, EV 88.1 MPH)
Batting: RHB John Gibbons 0-0: Ball
1-0: Ball
2-0: Swinging Strike
2-1: Ball
3-1: Foul Ball, location: 2F
3-2: Base on Balls
Bryan Little to third
Curt Ford to second
Batting: RHB Edgar Martinez 0-0: Fly out, F7 (Line Drive, 7, EV 95.0 MPH)
Bottom of the 4th over - 0 runs, 1 hit, 0 errors, 3 left on base; Port Arthur 0 - Dunedin 0
TOP OF THE 5TH
Port Arthur Pirates batting - Pitching for Dunedin Rangers : LHP Scott Johnson
Batting: RHB Michael Cain 0-0: Ball
1-0: Swinging Strike
1-1: Called Strike
1-2: Ball
2-2: Strikes out looking
Batting: RHB Pedro LaTorre 0-0: Foul Ball, location: 2F
0-1: SINGLE (Line Drive, 5D, EV 96.3 MPH)
Batting: LHB Chris Rehbaum 0-0: Ball
1-0: Ball
Pedro LaTorre is caught stealing 2nd base 2-6
2-0: Ground out 1-3 (Groundball, 13S, EV 71.3 MPH)
Top of the 5th over - 0 runs, 1 hit, 0 errors, 0 left on base; Port Arthur 0 - Dunedin 0
BOTTOM OF THE 5TH
Dunedin Rangers batting - Pitching for Port Arthur Pirates : RHP Robert Ruffus
Batting: LHB Dwight Taylor 0-0: Ball
1-0: Called Strike
1-1: Ball
2-1: Called Strike
2-2: Foul Ball, location: 2F
2-2: Foul Ball, location: 2F
2-2: Ball
3-2: Foul Ball, location: 2F
3-2: SINGLE (Flyball, 8LS, EV 91.9 MPH)
Batting: RHB Ron Gant 0-0: Called Strike
0-1: Called Strike
0-2: Foul Ball, location: 2F
0-2: Ball
1-2: Fly out, F9 (Flyball, 9LM, EV 100.6 MPH)
Batting: LHB La Schelle Tarver 0-0: Called Strike
0-1: Ball
1-1: SINGLE (Line Drive, 89M, EV 105.6 MPH)
Dwight Taylor to second
Batting: SHB Bryan Little 0-0: Ball
1-0: Fielders Choice at 2nd, 3-6 (Groundball, 34S, EV 92.5 MPH)
Dwight Taylor to third
Batting: LHB Curt Ford 0-0: Called Strike
0-1: Ball
1-1: Ball
2-1: Ball
3-1: Ground out 5-3 (Groundball, 56S, EV 83.8 MPH)
Bottom of the 5th over - 0 runs, 2 hits, 0 errors, 2 left on base; Port Arthur 0 - Dunedin 0
TOP OF THE 6TH
Port Arthur Pirates batting - Pitching for Dunedin Rangers : LHP Scott Johnson
Batting: RHB Michael Kwiecinski 0-0: Foul Ball, location: 2F
0-1: Foul Ball, location: 2F
0-2: Ball
1-2: Strikes out swinging
Batting: RHB Keith Fisher 0-0: Swinging Strike
0-1: Ball
1-1: Ball
2-1: Foul Ball, location: 2F
2-2: Foul Ball, location: 2F
2-2: Ball
3-2: Fly out, F7 (Flyball, 7S, EV 86.3 MPH)
Batting: SHB Geoff Doggett 0-0: Ball
1-0: Foul Ball, location: 2F
1-1: Ball
2-1: Foul Ball, location: 2F
2-2: Foul Ball, location: 2F
2-2: Ball
3-2: SINGLE (Groundball, 25, EV 68.8 MPH) (infield hit)
Batting: RHB Billy Ripken 0-0: Ball
1-0: Ball
2-0: Foul Ball, location: 2F
2-1: 2-RUN HOME RUN (Flyball, 7D, EV 101.3 MPH), Distance : 392 ft
Batting: RHB Steve Stanicek 0-0: Foul Ball, location: 2F
0-1: Swinging Strike
0-2: Ball
1-2: Ball
2-2: DOUBLE (Flyball, 8RXD, EV 115.6 MPH)
Batting: LHB Dan Aruca 0-0: Called Strike
0-1: Ball
1-1: Foul Ball, location: 2F
1-2: Ground out 6-3 (Groundball, 6, EV 88.1 MPH)
Top of the 6th over - 2 runs, 3 hits, 0 errors, 1 left on base; Port Arthur 2 - Dunedin 0
BOTTOM OF THE 6TH
Dunedin Rangers batting - Pitching for Port Arthur Pirates : RHP Robert Ruffus
Batting: RHB Glenn Wilson 0-0: Swinging Strike
0-1: Foul Ball, location: 2F
0-2: Foul Ball, location: 2F
0-2: Strikes out swinging
Batting: LHB Ty Van Burkleo 0-0: Ball
1-0: Called Strike
1-1: Ball
2-1: Ball
3-1: Base on Balls
Batting: RHB John Gibbons 0-0: Foul Ball, location: 2F
0-1: Ball
1-1: Ball
2-1: Grounds into double play, 6-4-3 (Groundball, 6, EV 85.0 MPH)
Bottom of the 6th over - 0 runs, 0 hits, 0 errors, 0 left on base; Port Arthur 2 - Dunedin 0
TOP OF THE 7TH
Port Arthur Pirates batting - Pitching for Dunedin Rangers : LHP Scott Johnson
Batting: RHB Michael Cain 0-0: Ground out 4-3 (Groundball, 4, EV 95.6 MPH)
Batting: RHB Pedro LaTorre 0-0: Called Strike
0-1: Ball
1-1: Swinging Strike
1-2: Ball
2-2: Ball
3-2: Strikes out swinging
Batting: LHB Chris Rehbaum 0-0: Ball
1-0: Swinging Strike
1-1: Fly out, F5 (Popup, 56S, EV 71.9 MPH)
Top of the 7th over - 0 runs, 0 hits, 0 errors, 0 left on base; Port Arthur 2 - Dunedin 0
BOTTOM OF THE 7TH
Dunedin Rangers batting - Pitching for Port Arthur Pirates : RHP Robert Ruffus
Batting: RHB Edgar Martinez 0-0: Foul Ball, location: 2F
0-1: Swinging Strike
0-2: Foul Ball, location: 2F
0-2: Ball
1-2: Fly out, F8 (Flyball, 8RD, EV 90.6 MPH)
Batting: LHB Dwight Taylor 0-0: Ball
1-0: Ball
2-0: Called Strike
2-1: Foul Ball, location: 2F
2-2: Foul Ball, location: 2F
2-2: SINGLE (Groundball, 4M, EV 103.1 MPH) (infield hit)
Batting: RHB Ron Gant 0-0: Called Strike
0-1: Ball
1-1: Ball
2-1: Ball
3-1: Foul Ball, location: 2F
3-2: Foul Ball, location: 2F
3-2: Strikes out swinging
Batting: LHB La Schelle Tarver 0-0: Called Strike
0-1: Ball
1-1: Foul Ball, location: 2F
1-2: Ball
2-2: Ground out U3 (Groundball, 3, EV 85.0 MPH)
Bottom of the 7th over - 0 runs, 1 hit, 0 errors, 1 left on base; Port Arthur 2 - Dunedin 0
TOP OF THE 8TH
Port Arthur Pirates batting - Pitching for Dunedin Rangers : LHP Scott Johnson
Batting: RHB Michael Kwiecinski 0-0: Ball
1-0: Ball
2-0: Called Strike
2-1: Fly out, F9 (Flyball, 89D, EV 88.8 MPH)
Batting: RHB Keith Fisher 0-0: Ball
1-0: Foul Ball, location: 2F
1-1: Called Strike
1-2: Ground out 5-3 (Groundball, 56, EV 106.9 MPH)
Batting: SHB Geoff Doggett 0-0: Called Strike
0-1: Called Strike
0-2: Ball
1-2: Ball
2-2: Foul Ball, location: 2F
2-2: Ball
3-2: Ground out 6-3 (Groundball, 6, EV 103.1 MPH)
Top of the 8th over - 0 runs, 0 hits, 0 errors, 0 left on base; Port Arthur 2 - Dunedin 0
BOTTOM OF THE 8TH
Dunedin Rangers batting - Pitching for Port Arthur Pirates : RHP Robert Ruffus
Batting: SHB Bryan Little 0-0: Ball
1-0: Foul Ball, location: 2F
1-1: Ball
2-1: Foul Ball, location: 2F
2-2: Ball
3-2: Base on Balls
Batting: LHB Curt Ford 0-0: Ball
1-0: Foul Ball, location: 2F
1-1: Ball
2-1: Foul Ball, location: 2F
2-2: 2-RUN HOME RUN (Line Drive, 7LD, EV 103.1 MPH), Distance : 369 ft
Batting: RHB Glenn Wilson 0-0: Called Strike
0-1: Swinging Strike
0-2: Ball
1-2: Ball
2-2: Strikes out swinging, 2-3 out at first.
Batting: LHB Ty Van Burkleo 0-0: Fly out, F9 (Line Drive, 9, EV 95.0 MPH)
Batting: RHB John Gibbons 0-0: Called Strike
0-1: Ball
1-1: Ball
2-1: Ball
3-1: Ground out 1-3 (Groundball, P, EV 68.8 MPH)
Bottom of the 8th over - 2 runs, 1 hit, 0 errors, 0 left on base; Port Arthur 2 - Dunedin 2
TOP OF THE 9TH
Port Arthur Pirates batting - Pitching for Dunedin Rangers : LHP Scott Johnson
Pitching: LHP Eric Erickson
Batting: RHB Billy Ripken 0-0: Ball
1-0: Foul Ball, location: 2F
1-1: Swinging Strike
1-2: Strikes out swinging
Batting: RHB Steve Stanicek 0-0: Foul Ball, location: 2F
0-1: Ball
1-1: Ground out 5-3 (Groundball, 56S, EV 88.1 MPH)
Pinch Hitting: LHB John Rubel 0-0: Called Strike
0-1: Ball
1-1: Called Strike
1-2: Ball
2-2: Ball
3-2: Strikes out swinging
Top of the 9th over - 0 runs, 0 hits, 0 errors, 0 left on base; Port Arthur 2 - Dunedin 2
BOTTOM OF THE 9TH
Dunedin Rangers batting - Pitching for Port Arthur Pirates : RHP Robert Ruffus
Now in LF: James Atkinson
Pinch Hitting: LHB Mike L Hart 0-0: Ball
1-0: Ball
2-0: Ball
3-0: Base on Balls
Pitching: RHP Steven Gessell
Batting: LHB Dwight Taylor 0-0: Ball
1-0: Bunted foul
1-1: Bunted foul
1-2: Fly out, F8 (Flyball, 8RM, EV 86.3 MPH)
Pinch Hitting: LHB David Thielker 0-0: Swinging Strike
0-1: Ball
1-1: SINGLE (Groundball, 6D, EV 98.8 MPH)
Mike L Hart to second
Batting: LHB La Schelle Tarver 0-0: Called Strike
0-1: Swinging Strike
0-2: Ball
1-2: Ball
2-2: Foul Ball, location: 2F
2-2: Ball
3-2: Strikes out looking
Batting: SHB Bryan Little 0-0: Ball
1-0: Ground out 6-3 (Groundball, 6MS, EV 82.5 MPH)
Bottom of the 9th over - 0 runs, 1 hit, 0 errors, 2 left on base; Port Arthur 2 - Dunedin 2
TOP OF THE 10TH
Port Arthur Pirates batting - Pitching for Dunedin Rangers : LHP Eric Erickson
Now at 3B: David Thielker
Now in CF: Mike L Hart
Batting: RHB Michael Cain 0-0: Ball
1-0: Foul Ball, location: 2F
1-1: Ground out 6-3 (Groundball, 4M, EV 81.9 MPH)
Batting: RHB Pedro LaTorre 0-0: Ball
1-0: Foul Ball, location: 2F
1-1: Ball
2-1: Ground out 6-3 (Groundball, 6, EV 83.1 MPH)
Pinch Hitting: RHB Russ Morman 0-0: Ball
1-0: Foul Ball, location: 2F
1-1: Swinging Strike
1-2: Ball
2-2: SINGLE (Groundball, 6MD, EV 93.8 MPH)
Pinch Hitting: RHB Kirk Gilmore 0-0: Reached on error, E5 (Groundball, 56, EV 103.1 MPH)
Russ Morman to second
Pinch Hitting: LHB Ron Salcedo 0-0: Called Strike
0-1: Called Strike
0-2: Ball
1-2: Ball
2-2: Ball
3-2: Fly out, F9 (Line Drive, 9, EV 96.3 MPH)
Top of the 10th over - 0 runs, 1 hit, 1 error, 2 left on base; Port Arthur 2 - Dunedin 2
BOTTOM OF THE 10TH
Dunedin Rangers batting - Pitching for Port Arthur Pirates : RHP Steven Gessell
Pitching: LHP Victor Guichardo
Now at C: Ernest Colbert
Now at 3B: Kirk Gilmore
Now in CF: Russ Morman
Batting: LHB Curt Ford 0-0: Ball
1-0: Called Strike
1-1: Ball
2-1: Foul Ball, location: 2F
2-2: Foul Ball, location: 2F
2-2: Foul Ball, location: 2F
2-2: Foul Ball, location: 2F
2-2: TRIPLE (Flyball, 78XD, EV 98.8 MPH)
Batting: RHB Glenn Wilson 0-0: Intentional Walk
Pinch Hitting: RHB Mike Taylor 0-0: Ball
1-0: Fly out, F7 (Flyball, 78D, EV 97.5 MPH)
Runner from 3rd tags up, SCORES, throw by LF
Bottom of the 10th over - 1 run, 1 hit, 0 errors, 0 left on base; Port Arthur 2 - Dunedin 3
Monday, August 10th, 2020 - OOTP Baseball 21.5 Build 76